 Dungeon Crawl Stone Soup version 0.28-a0-793-g31680bbd8b (webtiles) character file.

Game seed: 14650921753127693435

466 sanka the Chopper (level 6, -3/50 HPs)
             Began as a Palentonga Abyssal Knight on Oct 31, 2021.
             Was a Believer of Lugonu.
             Slain by a gnoll (13 damage)
             ... on level 5 of the Dungeon on Nov 4, 2021.
             The game lasted 00:06:34 (3833 turns).

sanka the Chopper (Palentonga Abyssal Knight)       Turns: 3833, Time: 00:06:35

Health: -3/50      AC:  4    Str: 18    XL:     6   Next: 81%
Magic:  9/9        EV:  9    Int: 10    God:    Lugonu [**....]
Gold:   148        SH:  0    Dex: 20    Spells: 5/5 levels left

rFire   . . .      SeeInvis +   m - +10 whip of Forced Transition {pain, Dex+3}
rCold   . . .      Faith    .   (no shield)
rNeg    . . .      Spirit   .   b - +0 leather armour
rPois   +          Reflect  .   (no helmet)
rElec   .          Harm     .   (no cloak)
rCorr   .          Rampage  .   (no gloves)
Will    .....                   (no barding)
Stlth   +.........              (no amulet)
HPRegen 0.16/turn               o - ring of poison resistance
MPRegen 0.11/turn               f - +6 ring of dexterity

@: no status effects
A: large, rugged brown scales 3, see invisible, deformed body, roll 1, armoured
tail
a: Rolling Charge, Renounce Religion, Depart the Abyss, Bend Space


You were on level 5 of the Dungeon.
You worshipped Lugonu.
Lugonu was pleased with you.
You visited 1 branch of the dungeon, and saw 5 of its levels.
You visited the Abyss 1 time.

You collected 148 gold pieces.


Innate Abilities, Weirdness & Mutations

You are completely covered in rugged brown scales. (AC +3, +7% HP)
You have supernaturally acute eyesight. (SInv)
Armour fits poorly on your strangely shaped body.
You can roll at nearby foes to attack.
You have a long armoured tail.


   Skills:
 - Level 3.0 Fighting
 - Level 6.4 Axes
 - Level 1.5 Armour
 - Level 0.7 Dodging
 + Level 4.3 Invocations


You had 5 spell levels left.
You didn't know any spells.
Your spell library was empty.

Inventory:

Hand Weapons
 a - a +1 hand axe
 h - a +4 spear
 m - the +10 whip of Forced Transition (weapon) {pain, Dex+3} In the hands of one skilled in necromantic magic, it inflicts extra damage on living creatures. Dex: It affects your dexterity (+3).
 p - a +2 dagger of venom
Missiles
 i - 16 poisoned darts
 n - a throwing net {=f}
Armour
 b - a +0 leather armour (worn)
Jewellery
 f - a +6 ring of dexterity (right hand)
 o - a ring of poison resistance (left hand)
Scrolls
 c - 4 scrolls of identify {unknown}
 d - 3 scrolls of fog {unknown}
 e - 2 scrolls of teleportation {unknown}
 k - a scroll of immolation {unknown}
Potions
 g - a potion of experience {unknown}
 j - 2 potions of lignification {unknown}
 l - a potion of curing {unknown}

Dungeon Overview and Level Annotations

Branches:
Dungeon (5/15)
 Temple: D:4-7

Altars:

Annotations:
D:2 1 runed translucent door, Crazy Yiuf

▒..............▒
▒..............▒
▒..............▒
▒..............▒
▒..............▒
▒..............▒
▒..............▒
▒▒▒...........gg.▒▒▒▒▒▒▒▒▒▒
..........▒▒▒'▒.H..........
....<.....▒...▒.£..........≈
..........▒...▒.............
..........▒...▒............♣
..........▒...▒............♣
..........▒...▒.............
..........▒...▒.............
..........▒...▒.............
..........▒...▒.............


You could see 2 gnolls.


Message History

The hound stops to sniff the ground.
The hound bites you.
You whack the hound!
The hound is heavily wounded.
The hound bites you. The hound closely misses you.
You closely miss the hound.
The hound is heavily wounded.
The hound bites you.
You whack the hound!
You kill the hound!
Lugonu accepts your kill.
The gnoll hits you from afar with a +0 spear.
The gnoll hits you with a +0 spear.
The gnoll shouts!
You hit the gnoll.
The gnoll is heavily wounded.
The gnoll hits you with a +0 spear.
* * * LOW HITPOINT WARNING * * *
You barely miss the gnoll.
Your tail-slap misses the gnoll.
The gnoll is heavily wounded.
The gnoll hits you with a +0 spear.
* * * LOW HITPOINT WARNING * * *
The gnoll hits you with a +0 flail!
* * * LOW HITPOINT WARNING * * *
The gnoll hits you from afar with a +0 spear.
* * * LOW HITPOINT WARNING * * *
The gnoll hits you with a +0 flail!
You die...

Action                   |  1- 3 |  4- 6 || total
-------------------------+-------+-------++-------
Melee: Hand axe          |    92 |    60 ||   152
       Tailslap          |     7 |    11 ||    18
       Unarmed           |     7 |       ||     7
       Whip              |       |    34 ||    34
 Abil: Rolling Charge    |     2 |     1 ||     3
Evoke: Wand              |       |     2 ||     2
 Stab: Sleeping          |       |     1 ||     1
Armor: Leather armour    |    37 |    25 ||    62
       Skin              |     6 |       ||     6
Dodge: Dodged            |    48 |    36 ||    84

Levels and vault maps discovered:
D:1:      dpeg_arrival_chambers_temple_mockup, layout_rooms,
          hellmonk_ecumenical_altar_leap_of_faith
D:2:      layout_basic, chequers_serial_rivers_large_b, uniq_sigmund,
          uniq_crazy_yiuf_cottage
D:3:      layout_rooms, grunt_decor_one_mirror
D:4:      layout_loops_ring, chequers_jeans, hangedman_decor_push
D:5:      layout_gridville, serial_bayou, serial_bayou_ford_a,
          serial_bayou_shore_b, serial_bayou_lake_a, serial_bayou_crossing,
          uniq_edmund

Notes
Turn   | Place    | Note
-------+----------+-------------------------------------------
     0 | Abyss:1  | sanka the Palentonga Abyssal Knight began the quest for the
                  | Orb.
     0 | Abyss:1  | Reached XP level 1. HP: 19/19 MP: 2/2
     0 | Abyss:1  | Upgraded the game from 0.28-a0-769-g550dbda0cd to
                  | 0.28-a0-793-g31680bbd8b
     7 | D:1      | Escaped the Abyss
   169 | D:1      | Reached XP level 2. HP: 12/25 MP: 3/3
   487 | D:1      | Reached skill level 3 in Axes
   879 | D:1      | Found a faded altar of an unknown god.
  1184 | D:2      | Reached XP level 3. HP: 30/31 MP: 4/4
  1315 | D:2      | Reached ** piety under Lugonu
  1615 | D:2      | Reached skill level 4 in Axes
  1976 | D:2      | Noticed Sigmund
  2006 | D:2      | Killed Sigmund
  2007 | D:2      | Reached skill level 6 in Axes
  2007 | D:2      | Reached XP level 4. HP: 37/37 MP: 5/5
  2007 | D:2      | Reached XP level 5. HP: 43/43 MP: 6/6
  2056 | D:2      | Found a runed translucent door.
  2057 | D:2      | Noticed Crazy Yiuf
  2828 | D:3      | Reached XP level 6. HP: 46/50 MP: 7/7
  3050 | D:4      | Identified the +10 whip of Forced Transition {pain, Dex+3}
  3222 | D:4      | Reached skill level 3 in Invocations
  3716 | D:5      | Entered Level 5 of the Dungeon
  3767 | D:5      | Reached skill level 4 in Invocations
  3833 | D:5      | Slain by a gnoll

Vanquished Creatures
  Sigmund (D:2)
  A phantom (D:4)
  A hound (D:5)
  An orc priest (D:4)
  2 hound skeletons
  3 gnolls
  4 adders
  A worm (D:3)
  2 dart slugs
  7 orcs
  6 ball pythons
  7 endoplasms
  6 giant cockroaches
  3 goblins
  5 hobgoblins
  3 quokkas
  8 bats
  2 frilled lizards (D:3)
  5 kobolds
  6 rats
74 creatures vanquished.

Vanquished Creatures (others)
  2 plants (D:5)
2 creatures vanquished.

Grand Total: 76 creatures vanquished
